 Dungeon Crawl Stone Soup version 0.26-a0-660-gc07710193c (webtiles) character file.

Game seed: 18159990240951264478

1897 halkony2012 the Basher (level 8, -5/67 HPs)
             Began as a Minotaur Berserker on Oct 7, 2020.
             Was a Priest of Trog.
             Slain by a yak (11 damage)
             ... on level 5 of the Dungeon.
             The game lasted 00:14:14 (4610 turns).

halkony2012 the Basher (Minotaur Berserker)         Turns: 4610, Time: 00:14:15

Health: -5/67      AC:  7    Str: 24    XL:     8   Next: 93%
Magic:  7/7        EV: 10    Int:  4    God:    Trog [***...]
Gold:   483        SH:  0    Dex: 10    Spells: 7/7 levels left

rFire    . . .     SeeInvis .   a - +0 mace
rCold    . . .     Faith    .   (no shield)
rNeg     . . .     Spirit   .   i - +0 scale mail
rPois    .         Reflect  .   (helmet restricted)
rElec    .         Harm     .   u - +0 cloak
rCorr    .         Rampage  .   (no gloves)
MR       ++...                  (no boots)
Stlth    ..........             (no amulet)
HPRegen  1.21/turn              (no ring)
MPRegen  0.10/turn              (no ring)

@: berserk cooldown, regenerating, hasted and slowed
A: retaliatory headbutt, horns 2
a: Berserk, Trog's Hand, Renounce Religion


You were on level 5 of the Dungeon.
You worshipped Trog.
Trog was most pleased with you.
You visited 1 branch of the dungeon, and saw 6 of its levels.

You collected 483 gold pieces.

Inventory:

Hand Weapons
 a - a +0 mace (weapon)
Armour
 b - a +0 animal skin
 g - a +0 leather armour
 i - a +0 scale mail (worn)
 j - a +0 kite shield
 u - a +0 cloak (worn)
Wands
 y - a wand of paralysis (9)
Scrolls
 h - 7 scrolls of remove curse
 k - 4 scrolls of identify
 p - 3 scrolls of amnesia
 A - a scroll of immolation
Potions
 e - a potion of curing
 f - 3 potions of brilliance
 l - a potion of might {unknown}
 m - 3 potions of lignification
 n - a potion of heal wounds
 o - a potion of ambrosia {unknown}
 r - a potion of magic
 s - a potion of stabbing {unknown}
 v - a potion of degeneration {unknown}
 z - a potion of berserk rage {unknown}


   Skills:
 + Level 4.5 Fighting
 * Level 13.4 Maces & Flails
 - Level 2.5 Armour
 - Level 2.3 Dodging


You had 7 spell levels left.
You didn't know any spells.
Your spell library was empty.

Dungeon Overview and Level Annotations

Branches:
Dungeon (6/15)             Temple (0/1) D:4

Altars:
Fedhas
Gozag
Makhleb
Sif Muna
Zin


Innate Abilities, Weirdness & Mutations

You reflexively headbutt those who attack you in melee.
You have a pair of horns on your head.


Message History

You feel yourself slow down. The yak gores you! The yak gores you.
The yak gores you. The yak gores you!
* * * LOW HITPOINT WARNING * * *
You can move again.
Okay, then.
You feel yourself speed up. The yak closely misses you.
You furiously retaliate!
You headbutt the yak. The yak gores you.
* * * LOW HITPOINT WARNING * * *
The yak gores you.
* * * LOW HITPOINT WARNING * * *
There is a stone staircase leading up here.
You climb upwards.
There is a stone staircase leading down here.
There is an open door here.
Your skin crawls.
You feel resistant to hostile enchantments.
The yak gores you!
You die...

####### #########
##########.....####
.'......#
#........#.....'...
.#......#
#........#.....#...
.#....^.#
#........+.....#...
.#......#
#........#.....####
.#......#
#........#.....#..#
###....##
#.@......#.....#..#
..#....##
#.Y...)..'.....#...
..#.....#
#........#.....#..#
..#.....#
#........#.....#..#
..#######
#........#.....#..#
........#
##.......#.....#...
........#
##.......#.....#...
........#
#........#.....##'#
........#
#........'.........


You could see a yak.

Vanquished Creatures
  Grinder (D:3)
  A yak (D:6)
  Menkaure (D:4)
  A sky beast (D:5)
  An ice beast (D:5)
  2 phantoms
  3 ogres
  A centaur (D:5)
  A bullfrog (D:6)
  A scorpion (D:4)
  A howler monkey (D:5)
  2 hounds (D:4)
  A jelly (D:4)
  An orc priest (D:3)
  2 bullfrog skeletons
  4 orc wizards
  2 centaur skeletons
  A worker ant (D:5)
  A hound skeleton (D:5)
  A worker ant zombie (D:5)
  5 adders
  2 white imps (D:5)
  An ufetubus (D:4)
  2 worms
  3 dart slugs
  6 leopard geckos
  17 orcs
  A ball python (D:2)
  7 giant cockroaches
  10 goblins
  7 hobgoblins
  11 jackals
  2 quokkas
  11 bats
  5 frilled lizards
  9 kobolds
  A leopard gecko skeleton (D:4)
  6 rats
135 creatures vanquished.

Notes
Turn   | Place    | Note
-------+----------+-------------------------------------------
     0 | D:1      | halkony2012 the Minotaur Berserker began the quest for the
                  | Orb.
     0 | D:1      | Reached XP level 1. HP: 19/19 MP: 0/0
    87 | D:1      | Reached XP level 2. HP: 18/27 MP: 1/1
   301 | D:1      | Reached skill level 4 in Maces & Flails
   628 | D:1      | Reached XP level 3. HP: 31/33 MP: 2/2
   839 | D:2      | Reached ** piety under Trog
   977 | D:2      | Reached skill level 5 in Maces & Flails
  1467 | D:2      | Found a glowing silver altar of Zin.
  1468 | D:2      | Found an opulent altar of Gozag.
  1547 | D:3      | Reached XP level 4. HP: 29/40 MP: 3/3
  1708 | D:3      | Reached skill level 6 in Maces & Flails
  2056 | D:3      | Noticed Grinder
  2068 | D:3      | Killed Grinder
  2068 | D:3      | Reached skill level 8 in Maces & Flails
  2068 | D:3      | Reached XP level 5. HP: 46/46 MP: 4/4
  2068 | D:3      | Reached XP level 6. HP: 52/52 MP: 5/5
  2289 | D:3      | Found a blossoming altar of Fedhas.
  2289 | D:3      | Found a shimmering blue altar of Sif Muna.
  2483 | D:4      | Reached *** piety under Trog
  2524 | D:4      | Reached skill level 9 in Maces & Flails
  2535 | D:4      | Reached XP level 7. HP: 59/59 MP: 6/6
  2573 | D:4      | Found a staircase to the Ecumenical Temple.
  2705 | D:4      | Reached skill level 10 in Maces & Flails
  2738 | D:4      | Found a burning altar of Makhleb.
  2738 | D:4      | Noticed an Executioner
  2946 | D:4      | Noticed Menkaure
  2967 | D:5      | Entered Level 5 of the Dungeon
  3135 | D:5      | Reached skill level 11 in Maces & Flails
  3228 | D:5      | Reached XP level 8. HP: 49/66 MP: 7/7
  3516 | D:5      | Reached skill level 12 in Maces & Flails
  4119 | D:4      | Killed Menkaure
  4300 | D:5      | Reached skill level 13 in Maces & Flails
  4592 | D:6      | HP: 1/67 [yak (6)]
  4610 | D:5      | Slain by a yak

Illustrated notes

Levels and vault maps discovered:
D:1:      zelgadis_glass_arrival_small, layout_basic
D:2:      layout_basic, grunt_temple_overflow_gold_and_silver
D:3:      layout_rooms, amethyst_overflow_temple_binary, uniq_grinder
D:4:      layout_rooms, makhleb_altar_promises_db, minmay_temple_entry_junction,
          uniq_menkaure
D:5:      layout_gridville
D:6:      layout_rooms, kennysheep_mini_moat, kennysheep_generic_room_16,
          uniq_edmund, uniq_eustachio

Skill      XL: |  1  2  3  4  5  6  7  8 |
---------------+-------------------------+-----
Fighting       | 4 |  4.5
Maces & Flails | 4 5 8 9 11 13 | 13.4
Armour         | |  2.5
Dodging        | |  2.3

Action                   |  1- 3 |  4- 6 |  7- 9 || total
-------------------------+-------+-------+-------++-------
Melee: Mace              |    79 |    76 |   164 ||   319
       Headbutt          |     9 |    11 |    42 ||    62
Invok: Berserk           |     2 |     3 |     5 ||    10
       Trog's Hand       |       |     2 |     5 ||     7
  Use: Scroll            |       |     6 |     7 ||    13
       Potion            |       |       |     4 ||     4
Armor: Animal skin       |     8 |       |       ||     8
       Scale mail        |    31 |    20 |    55 ||   106
Dodge: Dodged            |    62 |    37 |    75 ||   174

Table legend: (Time is in decaauts)
 A = Elapsed time spent in this place.
 B = Non-inter-level travel time spent in this place.
 C = Inter-level travel time spent in this place.
 D = Time resting spent in this place.
 E = Time spent auto-exploring this place.
 F = Levels seen in this place.
 G = Mean time per level.
                   A        B        C        D        E       F      G
               +--------+--------+--------+--------+--------+-----+--------+
         Total |   4672 |   4538 |    134 |    448 |   3105 |   6 |  778.7 |
       Dungeon |   4672 |   4538 |    134 |    448 |   3105 |   6 |  778.7 |
               +--------+--------+--------+--------+--------+-----+--------+

Top non-repeatable levels by time:
     D:5: 1287 daAuts
     D:3: 1046 daAuts
     D:1: 829 daAuts
     D:4: 750 daAuts
     D:2: 722 daAuts
     D:6: 36 daAuts
